 Dungeon Crawl Stone Soup version 0.31.0-11-ge490571c62 (webtiles) character file.

Game seed: 15867225712559765277

52 qw the Shooter (level 3, 0/20 HPs)
             Began as a Deep Elf Hunter on Feb 3, 2024.
             Slain by a goblin
             ... wielding a +0 dagger
             ... led by Robin
              (3 damage)
             ... on level 2 of the Dungeon.
             The game lasted 00:00:03 (1019 turns).

qw the Shooter (Deep Elf Hunter)                    Turns: 1019, Time: 00:00:04

Health: 0/20       AC:  5    Str: 10    XL:     3   Next: 60%
Magic:  5/5        EV: 11    Int: 13    God:
Gold:   100        SH:  0    Dex: 18    Spells: 2/2 levels left

rFire   . . .        a - +0 shortbow
rCold   . . .        (shield currently unavailable)
rNeg    . . .        h - +0 ring mail
rPois   .            (no helmet)
rElec   .            (no cloak)
rCorr   .            (no gloves)
SInv    .            (no boots)
Will    .....        (no amulet)
Stlth   +            (no ring)
HPRegen 0.23/turn    (no ring)
MPRegen 0.09/turn

%: no passive effects
@: no status effects
A: no striking features
a: no special abilities


You were on level 2 of the Dungeon.
You visited 1 branch of the dungeon, and saw 2 of its levels.

You collected 100 gold pieces.


   Skills:
 - Level 1.5 Fighting
 + Level 7.1 Ranged Weapons
 - Level 2.4 Dodging
 - Level 1.2 Stealth


You had 2 spell levels left.
You didn't know any spells.
Your spell library was empty.

Inventory:

Hand Weapons
 a - a +0 shortbow (weapon)
Armour
 h - a +0 ring mail (worn)
Jewellery
 c - an amulet of regeneration
Potions
 b - a potion of lignification {unknown}
 e - a potion of curing

Dungeon Overview and Level Annotations

Branches:
Dungeon (2/15)

Altars:

Shops:
D:1 [


Message History

You shoot an arrow. The arrow barely misses the goblin.
The goblin shouts! x2
The goblin hits you with a +0 club. The goblin barely misses you.
A goblin comes into view. It is wielding a +0 club.
A hobgoblin comes into view.
The goblin hits you with a +0 club.
A hobgoblin comes into view.
Robin hits you with a +0 club. The goblin barely misses you.
You shoot an arrow. The arrow barely misses Robin.
The goblin shouts!
The hobgoblin shouts!
The arrow hits the goblin.
The goblin is moderately wounded.
Robin throws the goblin at you! The goblin hits you with a +0 club.
The goblin hits you but does no damage. The goblin barely misses you.
You shoot an arrow.
The arrow hits Robin but does no damage.
Robin is almost dead.
The goblin closely misses you. The goblin hits you but does no damage.
A rat comes into view.
The goblin hits you but does no damage. Robin barely misses you.
You shoot an arrow. The rat squeaks loudly.
The arrow hits Robin.
You kill Robin!
The goblin closely misses you.
The goblin hits you but does no damage. x2
Your Ranged Weapons skill increases to level 7!
You shoot an arrow.
The arrow hits the goblin but does no damage.
The goblin is moderately wounded.
The goblin closely misses you. The hobgoblin hits you.
The goblin completely misses you. The goblin hits you with a +0 club.
You shoot an arrow. The arrow hits the goblin!
You kill the goblin!
The goblin hits you with a +0 dagger. The hobgoblin barely misses you.
The goblin hits you with a +0 club.
You shoot an arrow. The arrow hits the goblin.
The goblin is severely wounded.
The goblin hits you but does no damage. The hobgoblin barely misses you.
The goblin hits you with a +0 dagger.
You die...

.#...#.......<...##
...#...#..###.###.##
.#...#...#..#......#
...#...#...#.####.##
.#...#...#...# #.#
...#...#...#. #.#
.#...#..)#.... ##.#
..#...#...#.g##.>####.#
#..gggg@g.....#
..#rg##g####### #...
#.# ..# #.# # #.# #.#
#.# ..#


You could see 3 hobgoblins, 5 goblins and a rat.

Vanquished Creatures
  Robin (D:2)
  A dart slug (D:2)
  2 bats
  3 endoplasms
  3 giant cockroaches
  8 kobolds
  2 quokkas (D:1)
  6 ball pythons (D:1)
  3 frilled lizards
  6 goblins
  3 rats
38 creatures vanquished.

Notes
Turn   | Place    | Note
-------+----------+-------------------------------------------
     0 | D:1      | qw the Deep Elf Hunter began the quest for the Orb.
     0 | D:1      | Reached XP level 1. HP: 12/12 MP: 3/3
     0 | D:1      | 0 ||| qw: Version: 0.3-a-157-g843a77d
     0 | D:1      | 0 ||| qw: Game counter: 3811
     0 | D:1      | 0 ||| qw: Melee chars always use a shield: true
     0 | D:1      | 0 ||| qw: God list: Okawaru
     0 | D:1      | 0 ||| qw: Allow faded altars: false
     0 | D:1      | 0 ||| qw: Do Orc after clearing Dungeon:15 true
     0 | D:1      | 0 ||| qw: Do second Lair branch before Depths: true
     0 | D:1      | 0 ||| qw: Lair rune preference: random
     0 | D:1      | 0 ||| qw: Goals: Normal
     0 | D:1      | 0 ||| PLANNING D:1-11
   119 | D:1      | Reached skill level 6 in Ranged Weapons
   119 | D:1      | Reached XP level 2. HP: 16/16 MP: 4/4
   430 | D:1      | Found Pieteth's Antique Armour Shop.
   437 | D:1      | 437 ||| SHOPLISTING pair of gloves (81 gold, have 62).
   437 | D:1      | 437 ||| SHOPLISTING ring mail (72 gold, have 62).
   437 | D:1      | 437 ||| SHOPLISTING scale mail (72 gold, have 62).
   745 | D:1      | 745 ||| UPGRADING to +0 ring mail.
   755 | D:1      | 755 ||| DROPPING +0 leather armour.
   756 | D:1      | 756 ||| READING 2 scrolls labelled QEGGEBL ETHUSARAMP.
   756 | D:1      | 756 ||| IDENTIFYING glowing green potion
   757 | D:1      | 757 ||| READING scroll of identify.
   757 | D:1      | 757 ||| IDENTIFYING scroll labelled NIXKAZX SOZUGE
   758 | D:1      | 758 ||| READING scroll labelled WUICRE KUETT.
   761 | D:1      | 761 ||| DROPPING scroll of butterflies.
   762 | D:1      | 762 ||| DROPPING scroll of immolation.
   802 | D:2      | 802 ||| STAIRDANCE
   840 | D:2      | Reached XP level 3. HP: 20/20 MP: 5/5
  1006 | D:2      | Noticed Robin
  1016 | D:2      | Killed Robin
  1017 | D:2      | Reached skill level 7 in Ranged Weapons
  1018 | D:2      | HP: 4/20 [goblin/+0 dagger[Robin] (2)]
  1019 | D:2      | Slain by a goblin

Levels and vault maps discovered:
D:1:      reono_arrival_forest_river, layout_basic, serial_shops, shop
D:2:      layout_loops_ring, minmay_misc_feat_encased, hex_large,
          minmay_misc_feat_nine_boxes, uniq_robin

Skill      XL: |  1  2  3 |
---------------+----------+-----
Ranged Weapons | 6 7 |  7.1
Fighting       | |  1.5
Dodging        | |  2.4
Stealth        | |  1.2

Action                     || total
---------------------------++-------
   Fire: Shortbow          ||   112
    Use: Scroll            ||     3
 Armour: Leather armour    ||     8
         Ring mail         ||    33
  Dodge: Dodged            ||    34

Table legend:
 A = Non-vault XP
 B = Vault XP
 C = Vault XP percentage of total XP
 D = Non-vault monster count
 E = Vault monster count
 F = Vault count percentage of total count
                 A         B        C        D         E       F
            +---------+---------+-------+---------+---------+-------
      Total |      56 |      19 |  25.3 |      35 |       3 |   7.9
            +---------+---------+-------+---------+---------+-------
        D:1 |      39 |       0 |   0.0 |      25 |       0 |   0.0
        D:2 |      17 |      19 |  52.8 |      10 |       3 |  23.1
            +---------+---------+-------+---------+---------+-------
